 Dungeon Crawl Stone Soup version 0.30.1 (webtiles) character file.

Game seed: 5966630304548590665

140 Heoruswealwe the Shooter (level 4, -4/38 HPs)
             Began as a Demigod Hunter on July 13, 2023.
             Slain by a gnoll
             ... wielding a +0 flail
              (8 damage)
             ... on level 4 of the Dungeon.
             The game lasted 00:20:49 (2371 turns).

Heoruswealwe the Shooter (Demigod Hunter)           Turns: 2371, Time: 00:20:52

Health: -4/38      AC:  4    Str: 12    XL:     4   Next: 72%
Magic:  6/6        EV: 12    Int: 11    God:
Gold:   131        SH:  0    Dex: 21    Spells: 3/3 levels left

rFire   + . .        a - +0 shortbow
rCold   . . .        (shield currently unavailable)
rNeg    . . .        c - +2 robe {Will+}
rPois   .            (no helmet)
rElec   .            (no cloak)
rCorr   .            (no gloves)
SInv    .            (no boots)
Will    +....        (no amulet)
Stlth   ++           k - ring of protection from fire
HPRegen 0.26/turn    (no ring)
MPRegen 0.10/turn

%: no passive effects
@: no status effects
A: high MP 1, forlorn, divine attributes
a: no special abilities


You were on level 4 of the Dungeon.
You visited 1 branch of the dungeon, and saw 4 of its levels.

You collected 131 gold pieces.

Inventory:

Hand Weapons
 a - a +0 shortbow (weapon)
Armour
 c - a +2 robe of willpower (worn)
Magical Staves
 p - a staff of air
Jewellery
 k - a ring of protection from fire (left hand)
Scrolls
 b - a scroll of immolation
 d - a scroll of blinking
 f - a scroll of enchant armour
 i - 3 scrolls of teleportation
 m - a scroll of poison {unknown}
 n - a scroll of fog {unknown}
Potions
 e - a potion of lignification {unknown}
 g - a potion of degeneration {unknown}
 j - a potion of flight {unknown}
 l - 3 potions of heal wounds {unknown}


   Skills:
 + Level 3.5 Fighting
 + Level 4.8 Ranged Weapons
 - Level 1.7 Dodging
 - Level 0.8 Stealth


You had 3 spell levels left.
You didn't know any spells.
Your spell library was empty.

Dungeon Overview and Level Annotations

Branches:
Dungeon (4/15)
 Temple: D:4-7

Shops:
D:1 :


Innate Abilities, Weirdness & Mutations

You have an increased reservoir of magic. (+10% MP)
You shall have no god before yourself.
Your divine heritage dramatically boosts your attributes as you level up.


Message History

The gnoll shouts! x2
The arrow hits the gnoll but does no damage.
You hear a shout!
You shoot an arrow. The arrow hits the gnoll.
The gnoll is heavily wounded.
A gnoll comes into view. It is wielding a +0 flail.
You shoot an arrow. The arrow closely misses the gnoll.
You shoot an arrow. The arrow hits the gnoll!
The gnoll is severely wounded.
You shoot an arrow. The arrow hits the gnoll.
You kill the gnoll!
You shoot an arrow. The arrow hits the gnoll.
The gnoll is moderately wounded.
You shoot an arrow.
The arrow hits the gnoll but does no damage.
The gnoll is heavily wounded.
The gnoll hits you from afar with a +2 halberd of protection.
You shoot an arrow.
The arrow hits the gnoll but does no damage.
The gnoll is heavily wounded.
The gnoll hits you from afar with a +2 halberd of protection.
You shoot an arrow. The arrow closely misses the gnoll.
The gnoll hits you from afar with a +2 halberd of protection!
You shoot an arrow. The arrow hits the gnoll!
You kill the gnoll!
The gnoll closely misses you.
You shoot an arrow. The arrow closely misses the gnoll.
The gnoll closely misses you. The gnoll barely misses you.
You shoot an arrow. The arrow hits the gnoll.
The gnoll is moderately wounded.
The gnoll barely misses you. x2
You shoot an arrow. The arrow barely misses the gnoll.
The gnoll closely misses you. x2
You shoot an arrow. The arrow hits the gnoll.
The gnoll is severely wounded.
The gnoll barely misses you.
The gnoll hits you from afar with a +0 halberd! x2
* * * LOW HITPOINT WARNING * * *
The gnoll hits you with a +0 flail!
You die...

#..### ..
##...# # .# #
###.# #. .#
.# #.### #.#
.# .. #...##
#.##.##.#
###..##
#.....#
##..####...##
##..##gg...#
##.#@##.##.#
#..## .# g.
#### .# . .#
.. ##


You could see 2 gnolls.

Vanquished Creatures
  3 adders (D:2)
  2 gnolls (D:4)
  2 worms (D:2)
  2 dart slugs
  An orc (D:4)
  9 endoplasms
  2 giant cockroaches
  5 goblins
  9 hobgoblins
  8 jackals
  4 kobolds
  3 quokkas
  5 ball pythons
  6 bats (D:2)
  9 frilled lizards
  9 rats
79 creatures vanquished.

Notes
Turn   | Place    | Note
-------+----------+-------------------------------------------
     0 | D:1      | Heoruswealwe the Demigod Hunter began the quest for the
                  | Orb.
     0 | D:1      | Reached XP level 1. HP: 17/17 MP: 3/3
   254 | D:1      | Reached XP level 2. HP: 21/24 MP: 4/4
   501 | D:1      | Found Muqyaf's Book Emporium.
   519 | D:1      | Reached skill level 4 in Ranged Weapons
   879 | D:2      | Reached XP level 3. HP: 27/30 MP: 5/5
  1255 | D:2      | Reached XP level 4. HP: 38/38 MP: 6/6
  2371 | D:4      | Slain by a gnoll

Illustrated notes

Levels and vault maps discovered:
D:1:      giann_wishing_wells, layout_basic,
          hellmonk_ecumenical_altar_heavens_door, serial_shops,
          nicolae_shop_temple_entry_statues_fountains, serial_park_tiny_1,
          minmay_close_crescents
D:2:      layout_basic, kennysheep_boxes
D:3:      layout_rooms, gammafunk_temple_overflow_statue
D:4:      layout_rooms, grunt_temple_overflow_open, hex_intersection

Skill      XL: |  1  2  3 |
---------------+----------+-----
Fighting       | 2 3 |  3.5
Ranged Weapons | 4 |  4.8
Dodging        | |  1.7
Stealth        | |  0.8

Action                     |  1- 3 |  4- 6 || total
---------------------------+-------+-------++-------
   Fire: Shortbow          |   124 |    82 ||   206
    Use: Scroll            |       |     4 ||     4
 Armour: Leather armour    |    26 |     9 ||    35
  Dodge: Dodged            |    57 |    22 ||    79
